AoeStats
← Doggedwojiao

Black Forest

513972737Analyzed
4v4 RM · 23h ago on Oct 16, 2026· 70m 54s· 8 players
Game mode
Random Map
Map size
Large (8 player)
Population
200
Speed
Normal
Resources
Standard
Victory
Conquest
Starting age
Dark Age
Ending age
Imperial Age
RankedLock teamsTeams togetherTeam positionsShared explorationLock speedFull tech treeHidden civsTurbo modeCheats
Victory
Defeat
🇲🇽 Dravidians · Mexico
1117
+13
🇦🇺 Japanese · Australia
1061
+15
🇭🇰 Britons · Hong Kong SAR China
1000
+54
🇹🇼 Malians · Taiwan
965
+19
vs
🇺🇸 Jurchens · United States
1056
-17
🇲🇽 Britons · Mexico
1042
-16
🇵🇪 Wu · Peru
1039
-16
🇺🇸 Chinese · United States
1025
-16
Hari_Seldon
12:19 Feudal Age
15:56 Castle Age
14:59 Double-Bit Axe
15:38 Horse Collar
15:50 Gold Mining
16:16 Stone Mining
16:22 Stone Mining
23:20 Crossbowman
25:32 Wheelbarrow
26:47 Elite Skirmisher
27:24 Town Watch
28:17 Fletching
30:10 Bodkin Arrow
31:29 Loom
32:59 Hand Cart
33:18 Bow Saw
34:49 Padded Archer Armor
35:11 Heavy Plow
39:27 Imperial Age
37:13 Leather Archer Armor
36:20 Pikeman
37:12 Fortified Wall
41:11 Two-Man Saw
40:20 Bracer
40:41 Ballistics
41:38 Ring Archer Armor
42:10 Chemistry
41:21 Forging
41:39 Yeomen
41:17 Arbalester
42:01 Scale Mail Armor
42:13 Masonry
42:52 Elite Longbowman
43:01 Halberdier
45:19 Architecture
44:59 Squires
46:15 Chain Mail Armor
45:47 Onager
48:25 Capped Ram
52:29 Heavy Scorpion
52:30 Capped Ram
55:51 Plate Mail Armor
56:58 Warwolf
58:38 Iron Casting
57:26 Capped Ram
58:42 Scale Barding Armor
59:14 Conscription
60:48 Blast Furnace
60:28 Hoardings
70:02 Arson
Moron With A Gun
0:41 Loom
15:10 Feudal Age
19:43 Castle Age
17:54 Double-Bit Axe
21:09 Wheelbarrow
20:27 Crossbowman
22:07 Bow Saw
24:54 Hand Cart
25:36 Horse Collar
30:15 Thumb Ring
30:51 Fletching
31:02 Padded Archer Armor
30:57 Stone Mining
30:57 Gold Mining
32:24 Bodkin Arrow
35:11 Leather Archer Armor
37:49 Ballistics
38:19 Pikeman
39:41 Scale Mail Armor
39:52 Forging
40:17 Fortified Wall
42:40 Imperial Age
40:15 Squires
39:46 Elite Skirmisher
41:50 Masonry
42:00 Chain Mail Armor
42:21 Iron Casting
42:27 Heavy Plow
42:42 Arbalester
44:28 Chemistry
43:47 Bracer
43:19 Elite Chu Ko Nu
44:13 Heavy Scorpion
46:19 Bombard Tower
47:01 Architecture
46:26 Murder Holes
47:30 Ring Archer Armor
47:04 Halberdier
50:55 Arrowslits
52:20 Plate Mail Armor
52:48 Arson
58:10 Great Wall
58:58 Caravan
Kmioncito322
11:58 Feudal Age
11:30 Loom
17:31 Fletching
21:28 Castle Age
19:58 Stone Mining
20:12 Double-Bit Axe
20:14 Horse Collar
34:45 Wheelbarrow
34:46 Town Watch
35:54 Heavy Plow
36:25 Bow Saw
37:36 Bodkin Arrow
37:43 Padded Archer Armor
38:44 Masonry
38:47 Gold Mining
39:34 Stone Shaft Mining
41:23 Squires
41:46 Hand Cart
41:57 Red Cliffs Tactics
42:52 Gold Shaft Mining
44:30 Ballistics
43:52 Treadmill Crane
44:07 Murder Holes
47:27 Imperial Age
46:29 Town Patrol
47:36 Padded Archer Armor
47:30 Pikeman
48:41 Conscription
49:22 Bracer
52:47 Chemistry
52:37 Leather Archer Armor
52:33 Forging
52:23 Scale Mail Armor
61:20 Two-Man Saw
LkASr
0:26 Loom
BearKing89
0:35 Loom
18:51 Feudal Age
22:39 Castle Age
20:52 Double-Bit Axe
24:32 Horse Collar
25:20 Bow Saw
30:52 Forging
30:43 Scale Mail Armor
31:52 Heavy Plow
31:25 Man-at-Arms
31:52 Gambesons
32:11 Squires
31:59 Arson
32:26 Gold Mining
32:07 Long Swordsman
34:30 Iron Casting
34:11 Chain Mail Armor
36:31 Wheelbarrow
39:28 Imperial Age
38:17 Hand Cart
40:31 Conscription
40:32 Wootz Steel
39:39 Two-Handed Swordsman
41:38 Blast Furnace
40:33 Champion
42:27 Plate Mail Armor
53:07 Padded Archer Armor
54:29 Fletching
54:54 Leather Archer Armor
54:39 Elite Skirmisher
55:29 Thumb Ring
55:35 Bodkin Arrow
61:15 Ring Archer Armor
60:49 Bracer
63:33 Elite Elephant Archer
地瓜球
7:05 Loom
13:02 Feudal Age
13:29 Double-Bit Axe
13:25 Horse Collar
20:59 Castle Age
24:03 Bloodlines
23:54 Husbandry
25:11 Bow Saw
25:47 Stone Mining
25:50 Gold Mining
26:37 Fortified Wall
26:16 Treadmill Crane
29:06 Forging
31:24 Scale Barding Armor
34:04 Wheelbarrow
33:15 Town Watch
37:04 Imperial Age
35:19 Heavy Plow
36:24 Light Cavalry
37:25 Hand Cart
37:10 Town Patrol
37:49 Heavy Camel Rider
39:29 Tigui
39:52 Conscription
41:01 Crop Rotation
42:47 Chemistry
42:08 Ballistics
42:00 Masonry
41:46 Murder Holes
42:00 Farimba
42:36 Hoardings
42:57 Cavalier
46:47 Chain Barding Armor
47:03 Iron Casting
48:14 Plate Barding Armor
48:14 Architecture
52:26 Onager
54:56 Fletching
58:35 Bodkin Arrow
Doggedwojiao
10:27 Feudal Age
14:06 Wheelbarrow
13:42 Double-Bit Axe
16:46 Horse Collar
17:56 Wheelbarrow
20:54 Castle Age
20:47 Stone Mining
20:48 Gold Mining
22:23 Crossbowman
23:51 Hand Cart
30:48 Bow Saw
30:31 Man-at-Arms
31:59 Ballistics
31:42 Elite Skirmisher
32:25 Fletching
34:47 Caravan
37:30 Imperial Age
37:16 Yeomen
39:33 Elite Longbowman
40:55 Caravan
41:38 Warwolf
42:26 Conscription
55:17 Chemistry
55:36 Heavy Scorpion
64:37 Capped Ram
Porkroll
15:06 Feudal Age
19:23 Castle Age
17:51 Man-at-Arms
18:37 Scale Mail Armor
19:02 Forging
19:42 Long Swordsman
22:39 Iron Casting
27:13 Chain Mail Armor
35:38 Wheelbarrow
34:51 Double-Bit Axe
38:48 Hand Cart
45:55 Imperial Age
46:01 Capped Ram
46:06 Two-Handed Swordsman
47:07 Squires
48:12 Blast Furnace
47:42 Plate Mail Armor
47:17 Champion
52:24 Elite Skirmisher
53:47 Fletching
53:58 Padded Archer Armor
55:46 Bodkin Arrow
60:32 Bracer
60:47 Leather Archer Armor
64:44 Pikeman
68:02 Halberdier
70:33 Chemistry
69:54 Ballistics
Connection lost

Rejoining the realm…

Still unreachable

The connection could not be restored.

Session expired

The server has moved on; the page needs a fresh start.